 Dungeon Crawl Stone Soup version 0.28-a0-1435-g82390b3a13 (webtiles) character file.

Game seed: 9098576116739959693

4834 browni3141 the Blocker (level 10, -1/111 (114) HPs)
             Began as a Human Fighter on Jan 10, 2022.
             Was an Elder of Okawaru.
             Slain by a hornet (21 damage)
             ... on level 9 of the Dungeon.
             The game lasted 00:32:35 (13683 turns).

browni3141 the Blocker (Human Fighter)             Turns: 13683, Time: 00:32:36

HP:   -1/111 (114)  AC: 25    Str: 21    XL:     10   Next: 77%
MP:   14/14         EV:  2    Int:  3    God:    Okawaru [****..]
Gold: 894           SH: 14    Dex: 17    Spells: 9/9 levels left

rFire   . . .      SeeInvis .   a - +0 long sword (chaos)
rCold   . . .      Faith    .   K - +0 kite shield
rNeg    + . .      Spirit   .   (armour currently unavailable)
rPois   +          Reflect  .   (helmet currently unavailable)
rElec   .          Harm     .   (cloak currently unavailable)
rCorr   .          Rampage  .   (gloves currently unavailable)
Will    .....      NoTele   +   (boots currently unavailable)
Stlth   ++++......              e - amulet of Irrepressible Laughter {RegenMP +Inv rN+ Int-5 Dex+4}
HPRegen 0.28/turn               (no ring)
MPRegen 0.54/turn               (no ring)

@: tree-form, heroic, lightly drained
A: stationary, stasis, torment immunity, boosted hp
a: Renounce Religion, Evoke Invisibility, Heroism, Finesse


You were on level 9 of the Dungeon.
You worshipped Okawaru.
Okawaru was greatly pleased with you.
You were a tree.
You visited 2 branches of the dungeon, and saw 13 of its levels.
You also visited: Ossuary and Bailey.

You collected 894 gold pieces.

Inventory:

Hand Weapons
 a - a +0 long sword of chaos (weapon)
 b - a +0 hunting sling
 M - a +0 long sword
Missiles
 l - 191 stones
 y - 4 silver boomerangs
 A - 7 datura-tipped darts (quivered)
 E - 5 boomerangs
Armour
 c - a +0 buckler
 h - a +0 chain mail
 k - a +0 scale mail
 m - the -1 pair of boots of the Great Game (melded) {Rampage rElec rCorr Dex-2}
   (You found it in a bailey)

   Dex:       It affects your dexterity (-2).
   rElec:     It insulates you from electricity.
   rCorr:     It protects you from acid and corrosion.
   Rampage:   It bestows one free step when moving towards enemies.
 o - a +0 plate armour (melded)
 K - a +0 kite shield (worn)
Jewellery
 e - the amulet of Irrepressible Laughter (around neck) {RegenMP +Inv rN+ Int-5 Dex+4}
   (You found it in an ossuary)

   [amulet of magic regeneration]

   It increases your rate of magic regeneration.
   Int:       It affects your intelligence (-5).
   Dex:       It affects your dexterity (+4).
   rN:        It protects you from negative energy.
   +Inv:      It lets you turn invisible.
 u - an amulet of magic regeneration
 B - a +6 ring of intelligence
Scrolls
 f - a scroll of holy word
 g - 3 scrolls of teleportation
 j - 3 scrolls of fog
 n - a scroll of fear
 p - 4 scrolls of immolation
 C - 2 scrolls of enchant weapon
 F - 3 scrolls of blinking
 G - a scroll of noise
 I - a scroll of vulnerability
 J - a scroll of enchant armour {unknown}
 N - a scroll of brand weapon
Potions
 d - 2 potions of curing
 q - a potion of flight
 r - 2 potions of degeneration
 s - a potion of cancellation
 t - 4 potions of mutation
 v - 4 potions of haste
 w - a potion of attraction {unknown}
 x - a potion of invisibility
 z - 2 potions of brilliance
 D - a potion of berserk rage {unknown}
 H - 2 potions of ambrosia {unknown}


   Skills:
 - Level 6.0(11.0) Fighting
 - Level 6.0(11.0) Long Blades
 - Level 3.5(8.5) Armour
 - Level 3.5(8.5) Dodging
 - Level 2.0(7.0) Stealth
 + Level 9.4(14.4) Shields
 - Level 6.0 Invocations
 - Level 6.0 Evocations


You had 9 spell levels left.
You didn't know any spells.
Your spell library contained the following spells:

 Spells                   Type           Power      Damage    Failure   Level
 Apportation              Tloc           0%         N/A       73%         1
 Ensorcelled Hibernation  Hex/Ice        0%         N/A       86%         2
 Passwall                 Tmut/Erth      0%         N/A       86%         2
 Spider Form              Tmut/Pois      0%         N/A       97%         3
 Swiftness                Air            0%         N/A       97%         3
 Animate Skeleton         Necr           Unusable   N/A       N/A         1
 Summon Small Mammal      Summ           Unusable   N/A       N/A         1

Dungeon Overview and Level Annotations

Branches:
Dungeon (12/15)            Temple (1/1) D:4         Ossuary (visited)
 Bailey (visited)
   Lair: D:8-11         Orc: D:9-12

Altars:
Ashenzari
Cheibriados
Dithmenos
Elyvilon
Fedhas
Gozag
Hepliaklqana
Makhleb
Okawaru
Qazlal
Ru
Sif Muna
Trog
Uskayaw
Vehumet
Wu Jian
Xom
Yredelemnul

Shops:
D:2 =

Annotations:
D:1 exclusion: downstairs


Message History

You feel yourself speed up.
The hornet stings you but does no damage.
You block the hornet's attack.
The hornet stings you but does no damage.
You block the howler monkey zombie's attack.
Unknown command.
You miss the hornet.
The hornet is severely wounded.
The hornet stings you but does no damage.
You block the hornet's attack.
The howler monkey zombie hits you but does no damage.
Unknown command.
Unknown command.
You closely miss the hornet.
The hornet is severely wounded.
The hornet stings you but does no damage. x2
You block the howler monkey zombie's attack.
The hornet stings you!
* * * LOW HITPOINT WARNING * * *
Unknown command.
Unknown command.
You closely miss the hornet.
The hornet is severely wounded.
The hornet stings you but does no damage.
The howler monkey zombie hits you but does no damage.
You block the hornet's attack.
Unknown command.
Unknown command.
You hit the hornet.
The hornet is almost dead.
The hornet stings you!
* * * LOW HITPOINT WARNING * * *
The howler monkey zombie hits you.
* * * LOW HITPOINT WARNING * * *
The hornet stings you but does no damage.
Unknown command.
You hit the hornet.
The hornet seems to grow stronger.
The hornet is almost dead.
The hornet stings you!!
You die...

#.# ##.######
....T..... #........#
#........# +.....)..#
#........#
K........############
......
.##########.....♣y..#
...... . #.....Z...#
...... #.............
...... #.............
...... #.............
...... #####.........
...... #.........
...... #....$....
...... ......


You could see a hornet (fast, strong) and a howler monkey zombie.

Vanquished Creatures
  A hornet (D:8)
  A wyvern (D:8)
  2 steam dragons (D:7)
  6 orc warriors
  A sky beast (D:6)
  3 black bears
  2 necrophages
  3 centaurs
  3 kobold brigands
  A gnoll sergeant (D:7)
  4 bullfrogs
  11 scorpions
  10 wights
  2 howler monkeys
  A jelly (D:6)
  3 centaur zombies
  2 bullfrog skeletons
  2 human zombies (Ossuary)
  4 orc priests
  A centaur skeleton (D:7)
  3 hounds
  5 orc wizards
  Terence (D:2)
  6 scorpion zombies (Ossuary)
  3 iguanas
  3 mummies (Ossuary)
  A hound skeleton (D:4)
  4 gnolls (D:2)
  2 howler monkey skeletons
  6 adders
  An ufetubus (D:5)
  An adder skeleton (D:4)
  2 worms
  2 dart slugs
  24 orcs
  3 ball pythons
  7 bats
  8 endoplasms
  11 giant cockroaches
  17 goblins
  10 hobgoblins
  4 quokkas
  5 frilled lizards
  4 gnoll zombies (Ossuary)
  2 goblin zombies (Ossuary)
  3 hobgoblin zombies (Ossuary)
  14 kobolds
  2 kobold zombies (Ossuary)
  An orc zombie (Ossuary)
  6 rats
224 creatures vanquished.

Vanquished Creatures (collateral kills)
  An orc warrior (Bailey)
  A centaur (D:8)
  5 orcs
7 creatures vanquished.

Vanquished Creatures (others)
  A bullfrog (D:7)
  2 fungi (D:11)
  5 plants
  A withered plant (D:1)
9 creatures vanquished.

Grand Total: 240 creatures vanquished

Notes
Turn   | Place    | Note
-------+----------+-------------------------------------------
     0 | D:1      | browni3141 the Human Fighter began the quest for the Orb.
     0 | D:1      | Reached XP level 1. HP: 18/18 MP: 1/1
    49 | D:1      | Found a faded altar of an unknown god.
    55 | D:1      | Reached XP level 2. HP: 24/24 MP: 2/2
   569 | D:1      | Reached skill level 4 in Shields
   569 | D:1      | Reached XP level 3. HP: 25/29 MP: 3/3
   970 | D:2      | Noticed Terence
  1257 | D:2      | Found Piqounos's Jewellery Shop.
  1333 | D:2      | Reached skill level 1 in Stealth
  1889 | D:2      | Killed Terence
  1890 | D:2      | Reached XP level 4. HP: 21/34 MP: 4/4
  2231 | D:2      | Reached XP level 5. HP: 41/41 MP: 5/5
  2692 | D:3      | Found a bloodstained altar of Trog.
  4042 | D:4      | HP: 1/41 [orc priest/divine providence (13)]
  4337 | D:4      | Reached XP level 6. HP: 36/47 MP: 6/6
  4348 | D:4      | Reached skill level 1 in Evocations
  4405 | D:4      | Found a staircase to the Ecumenical Temple.
  4413 | Temple   | Entered the Ecumenical Temple
  4458 | Temple   | Became a worshipper of Warmaster Okawaru
  4486 | D:4      | Found a sand-covered staircase.
  4488 | D:4      | Noticed a black bear
  4504 | D:4      | Killed a black bear
  4510 | Ossuary  | Entered an ossuary
  4715 | Ossuary  | Reached XP level 7. HP: 46/52 MP: 7/7
  4822 | Ossuary  | Reached * piety under Okawaru
  4823 | Ossuary  | Reached skill level 5 in Shields
  5194 | Ossuary  | Reached skill level 1 in Invocations
  5526 | Ossuary  | Reached XP level 8. HP: 16/60 MP: 9/9
  5530 | Ossuary  | Identified the amulet of Irrepressible Laughter {RegenMP
                  | +Inv rN+ Int-5 Dex+4}
  6648 | D:4      | Reached ** piety under Okawaru
  6782 | D:4      | Reached skill level 5 in Long Blades
  6782 | D:4      | Reached XP level 9. HP: 41/66 MP: 12/12
  7168 | D:5      | Entered Level 5 of the Dungeon
  7659 | D:5      | Reached skill level 6 in Shields
  9065 | D:6      | Reached skill level 5 in Invocations
  9191 | D:6      | Reached skill level 5 in Evocations
  9400 | D:7      | Found a flagged portal.
  9504 | D:7      | Reached skill level 5 in Fighting
  9619 | D:7      | Reached *** piety under Okawaru
  9624 | D:7      | Reached skill level 7 in Shields
  9661 | Bailey   | Entered a bailey
 10064 | Bailey   | Reached skill level 1 in Dodging
 10222 | Bailey   | Noticed an orc knight
 10327 | Bailey   | Reached XP level 10. HP: 68/74 MP: 14/14
 10443 | Bailey   | Identified the -1 pair of boots of the Great Game {Rampage
                  | rElec rCorr Dex-2}
 11327 | D:7      | Reached **** piety under Okawaru
 11521 | D:7      | Reached skill level 8 in Shields
 13048 | D:8      | Reached skill level 9 in Shields
 13547 | D:9      | You fall into a shaft and drop 3 floors!
 13547 | D:12     | Noticed a six-headed hydra
 13649 | D:10     | Entered Level 10 of the Dungeon
 13664 | D:9      | Noticed a kobold demonologist
 13672 | D:9      | Paralysed by a hornet for 2 turns
 13683 | D:9      | Slain by a hornet

Illustrated notes

Levels and vault maps discovered:
D:1:      dpeg_arrival_arbitrary_c, layout_rooms,
          ebering_ecumenical_altar_petrified, grunt_decor_resistance
D:2:      layout_loops_cross, serial_shops, shop, uniq_terence
D:3:      minmay_roachtagon, layout_loops_corners, lightli_temple_of_fire,
          serial_bayou, serial_bayou_crossing, serial_bayou_lagoon_a,
          serial_bayou_pond_d, serial_bayou_lake_a, serial_bayou_shore_b,
          minmay_cut_off
D:4:      layout_basic, minmay_temple_entry_ruins, enter_ossuary_1,
          kennysheep_generic_room_11
D:5:      layout_basic, kennysheep_minor_cross
D:6:      layout_loops_corners, serial_park_tiny_1
D:7:      minmay_polygon_palace, layout_loops_cross, enter_bailey_5
D:8:      layout_rooms, lemuel_old_faithful
D:9:      layout_basic
D:10:     layout_basic, uniq_josephine
D:11:     layout_long_grid, minmay_lair_entry_grove, orc_0_dummy, uniq_grum,
          uniq_maurice
D:12:     layout_grid_maze, doesnt_xom_only_xom
Temple:   regret_index_temple_sigil_plot

Skill      XL: |  1  2  3  4  5  6  7  8  9 10 |
---------------+-------------------------------+-----
Shields        | 4 5 7 9 |  9.4
Stealth        | 1 2 |  2.0
Long Blades    | 3 4 5 6 |  6.0
Evocations     | 2 4 5 6 |  6.0
Invocations    | 1 4 5 6 |  6.0
Fighting       | 4 5 6 |  6.0
Dodging        | 1 3 |  3.5
Armour         | |  3.5

Action                   |  1- 3 |  4- 6 |  7- 9 | 10-12 || total
-------------------------+-------+-------+-------+-------++-------
Melee: Long sword        |    98 |   140 |   408 |   150 ||   796
 Fire: Hunting sling     |       |    46 |     9 |       ||    55
Throw: Stone             |     2 |       |       |       ||     2
       Dart              |       |       |     2 |     6 ||     8
Invok: Heroism           |       |       |       |     4 ||     4
Evoke: Wand              |       |       |    15 |    13 ||    28
  Use: Scroll            |     5 |     3 |    12 |     5 ||    25
       Potion            |     1 |     1 |       |     3 ||     5
 Stab: Paralysed         |       |     2 |     8 |     1 ||    11
       Petrifying        |       |       |     1 |       ||     1
       Petrified         |       |       |     2 |       ||     2
       Confused          |       |       |     1 |     1 ||     2
Armor: Scale mail        |    32 |    61 |   132 |       ||   225
       Chain mail        |     6 |       |    62 |       ||    68
       Plate armour      |       |       |     4 |    65 ||    69
       Skin              |       |       |       |    17 ||    17
Dodge: Dodged            |    36 |    61 |   154 |    45 ||   296
Block: Buckler           |    25 |    45 |   113 |    22 ||   205
       Kite shield       |       |       |       |    61 ||    61

Table legend: (Time is in decaauts)
 A = Elapsed time spent in this place.
 B = Non-inter-level travel time spent in this place.
 C = Inter-level travel time spent in this place.
 D = Time resting spent in this place.
 E = Time spent auto-exploring this place.
 F = Levels seen in this place.
 G = Mean time per level.
                   A        B        C        D        E       F      G
               +--------+--------+--------+--------+--------+-----+--------+
         Total |  13925 |  13406 |    519 |   2813 |   7492 |  15 |  928.3 |
       Dungeon |  11089 |  10580 |    509 |   2079 |   6242 |  12 |  924.1 |
        Temple |     56 |     46 |     10 |      0 |      0 |   1 |   56.0 |
       Ossuary |   1957 |   1957 |      0 |    605 |    906 |   1 | 1957.0 |
        Bailey |    821 |    821 |      0 |    128 |    343 |   1 |  821.0 |
               +--------+--------+--------+--------+--------+-----+--------+

Top non-repeatable levels by time:
 Ossuary: 1957 daAuts
     D:6: 1861 daAuts
     D:7: 1652 daAuts
     D:3: 1529 daAuts
     D:1: 1421 daAuts
     D:8: 1366 daAuts
     D:2: 1295 daAuts
     D:4: 1061 daAuts
  Bailey: 821 daAuts
     D:5: 763 daAuts
    D:12: 80 daAuts
  Temple: 56 daAuts
     D:9: 27 daAuts
    D:11: 20 daAuts
    D:10: 11 daAuts
